 Dungeon Crawl Stone Soup version 0.27.1 (webtiles) character file.

Game seed: 17363641216847705387

1551 Thatpatchoflichen the Poker (level 8, -9/71 (73) HPs)
             Began as a Minotaur Monk on Aug 22, 2021.
             Mangled by a wight (10 damage)
             ... on level 6 of the Dungeon.
             The game lasted 00:15:39 (6524 turns).

Thatpatchoflichen the Poker (Minotaur Monk)         Turns: 6524, Time: 00:15:40

HP:   -9/71 (73)    AC: 11    Str: 17    XL:     8   Next: 57%
MP:   16/16         EV: 13    Int:  7    God:
Gold: 417           SH:  0    Dex: 14    Spells: 7/7 levels left

rFire    . . .     SeeInvis .   p - +0 scythe
rCold    . . .     Faith    .   (shield currently unavailable)
rNeg     . . .     Spirit   .   a - +3 ring mail
rPois    .         Reflect  .   (helmet restricted)
rElec    .         Harm     .   q - +1 cloak
rCorr    .         Rampage  .   (no gloves)
Will     .....                  (no boots)
Stlth    +.........             (no amulet)
HPRegen  0.21/turn              y - ring of magical power
MPRegen  0.15/turn              (no ring)

@: brilliant, very slightly contaminated, lightly drained, invisible
A: horns 2, retaliatory headbutt
a: no special abilities


You were on level 6 of the Dungeon.
You visited 1 branch of the dungeon, and saw 6 of its levels.

You collected 417 gold pieces.

Inventory:

Hand Weapons
 e - a +2 short sword of venom
 p - a +0 scythe (weapon)
 u - a +0 trident
 D - a +0 shortbow
Missiles
 f - 71 bolts
 g - 208 stones (quivered)
 j - 153 arrows
 r - 45 sling bullets
 B - 4 boomerangs
Armour
 a - a +3 ring mail (worn)
 q - a +1 cloak (worn)
 A - a +0 plate armour
 C - a scarf of shadows
Jewellery
 y - a ring of magical power (left hand)
Wands
 l - a wand of charming (10)
 w - a wand of flame (9)
Scrolls
 c - 3 scrolls of identify {unknown}
 h - a scroll of acquirement {unknown}
 i - a scroll of enchant weapon {unknown}
 k - 5 scrolls of teleportation {unknown}
 m - a scroll of holy word {unknown}
 o - 2 scrolls of immolation {unknown}
Potions
 b - a potion of might {unknown}
 d - a potion of mutation {unknown}
 n - 2 potions of berserk rage {unknown}
 s - 2 potions of brilliance
 t - a potion of resistance {unknown}
 v - 2 potions of cancellation {unknown}
 x - 2 potions of heal wounds {unknown}
 z - 2 potions of flight {unknown}
 E - 2 potions of invisibility


   Skills:
 + Level 7.2 Fighting
 + Level 7.3 Polearms
 + Level 7.2 Armour
 - Level 6.0 Dodging
 - Level 2.0 Stealth


You had 7 spell levels left.
You didn't know any spells.
Your spell library contained the following spells:

 Spells                   Type           Power      Damage    Failure   Level
 Cause Fear               Hex            0%         N/A       100%        4
 Blade Hands              Tmut           0%         N/A       100%        5
 Irradiate                Conj/Tmut      0%         3d14      100%        5
 Dragon Form              Tmut           0%         N/A       100%        7
 Dragon's Call            Summ           0%         N/A       100%        9


Dungeon Overview and Level Annotations

Branches:
Dungeon (6/15)
 Temple: D:4-7

Altars:
Okawaru
Sif Muna


Innate Abilities, Weirdness & Mutations

You have a pair of horns on your head.
You reflexively headbutt those who attack you in melee.


Message History

The wight barely misses you. The wight closely misses you.
The wight hits you from afar with a +3 halberd!
You slash the wight!
You destroy the wight!
The wight hits you with a +0 great sword.
You feel drained. The wight barely misses you. x2
The wight closely misses you.
Your life force feels restored.
Things that are here:
a +0 long sword; a +0 robe You completely miss the wight.
The wight is moderately damaged.
The wight closely misses you. x2
The wight hits you with a +3 halberd!
* * * LOW HITPOINT WARNING * * *
The wight misses you. You furiously retaliate!
You headbutt the wight.
Things that are here:
a +1 dagger; a +0 robe You hit the wight.
You headbutt the wight.
The wight is lightly damaged.
The wight hits you with a +3 halberd!
* * * LOW HITPOINT WARNING * * *
The wight closely misses you. The wight hits you with a +3 halberd!
* * * LOW HITPOINT WARNING * * *
It was a potion of brilliance.
You feel clever all of a sudden. The wight barely misses you.
You furiously retaliate!
You headbutt the wight. The wight barely misses you. You furiously retaliate!
You headbutt the wight!
It was a potion of invisibility.
You fade into invisibility!
The wight closely misses you. The wight hits you with a +3 halberd.
* * * LOW HITPOINT WARNING * * *
You feel drained.
You are very lightly contaminated with residual magic.
Unknown command.
You closely miss the wight.
You headbutt the wight, but do no damage.
The wight is almost destroyed.
The wight hits you but does no damage. The wight hits you with a +3 halberd!
You die...

.# .# /...... .# #.....
.# #....# .# # #....#
.#.# #....# ...# #....#
.###. #.z..# .###.#.#
#.@..# .#.. #.# #z)..#
##.# #.# #....# ...#
#.#########...# #..#
#.#...........#
#..###.#+#######...#####
...##......>.)).†.......
#.###.....[..)).........
#........[..............


You could see 2 wights.

Vanquished Creatures
  Grinder (D:5)
  Sigmund (D:2)
  An ice beast (D:5)
  A black bear (D:5)
  2 necrophages
  A centaur (D:5)
  An ogre (D:4)
  2 bullfrogs (D:6)
  A scorpion (D:5)
  2 wights (D:6)
  2 orc priests (D:3)
  2 hounds
  3 iguanas (D:5)
  An orc wizard (D:3)
  A hound zombie (D:5)
  A howler monkey skeleton (D:5)
  4 adders
  An ufetubus (D:4)
  A worm (D:2)
  4 dart slugs
  19 orcs
  10 endoplasms
  2 giant cockroaches (D:1)
  7 goblins
  5 hobgoblins
  7 quokkas
  2 ball pythons
  9 bats
  6 frilled lizards
  10 kobolds
  5 rats
115 creatures vanquished.

Vanquished Creatures (others)
  4 plants
4 creatures vanquished.

Grand Total: 119 creatures vanquished

Notes
Turn   | Place    | Note
-------+----------+-------------------------------------------
     0 | D:1      | Thatpatchoflichen the Minotaur Monk began the quest for the
                  | Orb.
     0 | D:1      | Reached XP level 1. HP: 19/19 MP: 0/0
     0 | D:1      | Noticed a golden dragon
     0 | D:1      | Noticed an orb of fire
     1 | D:1      | Noticed a tentacled monstrosity
     3 | D:1      | Noticed an iron dragon
     5 | D:1      | Noticed an iron dragon
     6 | D:1      | Noticed a golden dragon
     7 | D:1      | Noticed an ice dragon
    10 | D:1      | Noticed a purple draconian
    12 | D:1      | Noticed a large abomination
    13 | D:1      | Noticed a large abomination
    15 | D:1      | Noticed an orb of fire
    17 | D:1      | Noticed a purple draconian
    17 | D:1      | Noticed an orb of fire
    19 | D:1      | Noticed a tentacled monstrosity
    23 | D:1      | Noticed a shadow dragon
   330 | D:1      | Reached XP level 2. HP: 22/27 MP: 1/1
   331 | D:1      | Found a faded altar of an unknown god.
   446 | D:1      | Reached skill level 1 in Armour
   653 | D:1      | You fall into a shaft and drop 1 floor!
  1306 | D:1      | Reached XP level 3. HP: 33/33 MP: 2/2
  2126 | D:2      | Found a shimmering blue altar of Sif Muna.
  2326 | D:2      | Noticed Sigmund
  2335 | D:2      | Killed Sigmund
  2336 | D:2      | Reached skill level 5 in Fighting
  2336 | D:2      | Reached XP level 4. HP: 29/42 MP: 3/3
  2336 | D:2      | Reached XP level 5. HP: 33/48 MP: 4/4
  2978 | D:3      | Found an iron altar of Okawaru.
  3063 | D:3      | Reached XP level 6. HP: 33/56 MP: 5/5
  3065 | D:3      | Reached skill level 5 in Dodging
  4616 | D:4      | Reached skill level 5 in Polearms
  4616 | D:4      | Reached XP level 7. HP: 60/63 MP: 6/6
  4852 | D:5      | Entered Level 5 of the Dungeon
  4852 | D:5      | Noticed Grinder
  4853 | D:5      | Paralysed by Grinder for 3 turns
  4860 | D:5      | Paralysed by Grinder for 2 turns
  4864 | D:5      | Killed Grinder
  4865 | D:5      | Reached skill level 5 in Armour
  5147 | D:5      | Reached XP level 8. HP: 24/70 MP: 7/7
  6521 | D:6      | HP: 2/73 [wight (10)]
  6524 | D:6      | Mangled by a wight

Illustrated notes

Levels and vault maps discovered:
D:1:      shiori_arrival_whats_in_store_for_you, layout_basic,
          shapermc_ecumenical_altar_pompeii, minmay_3d_cube
D:2:      wad_lake_hut, layout_loops_cross, basic_altar, uniq_sigmund
D:3:      layout_basic, amcnicky_altar_gilded
D:4:      layout_loops_cross, minmay_misc_feat_tower, corexii_shack,
          minmay_liquid_box
D:5:      layout_loops_ring, uniq_grinder
D:6:      layout_basic, minmay_temple_entry_sparse_star

Skill      XL: |  1  2  3  4  5  6  7  8 |
---------------+-------------------------+-----
Armour         | 1 3 4 6 7 |  7.2
Stealth        | 2 |  2.0
Fighting       | 4 5 6 7 |  7.2
Dodging        | 4 5 6 |  6.0
Polearms       | 4 5 6 7 |  7.3

Action                   |  1- 3 |  4- 6 |  7- 9 || total
-------------------------+-------+-------+-------++-------
Melee: Spear             |    33 |       |       ||    33
       Headbutt          |     7 |    16 |    20 ||    43
       Short sword       |    33 |       |       ||    33
       Scythe            |       |    75 |    94 ||   169
  Use: Potion            |       |       |     2 ||     2
 Stab: Sleeping          |     5 |     1 |       ||     6
Armor: Robe              |     6 |     3 |       ||     9
       Leather armour    |       |    23 |       ||    23
       Scale mail        |       |     5 |       ||     5
       Chain mail        |       |       |    75 ||    75
       Ring mail         |       |       |    16 ||    16
Dodge: Dodged            |    45 |    86 |   104 ||   235
